 Dungeon Crawl Stone Soup version 0.19.5 (webtiles) character file.

103 greprep the Magician (level 4, 0/24 HPs)
             Began as a Deep Elf Air Elementalist on May 7, 2017.
             Slain by a gnoll
             ... wielding a +0 whip
              (6 damage)
             ... on level 3 of the Dungeon.
             The game lasted 00:07:31 (2295 turns).

greprep the Magician (Deep Elf Air Elementalist)    Turns: 2295, Time: 00:07:32

Health: 0/24       AC:  2    Str:  5    XL:     4   Next: 51%
Magic:  1/12       EV: 13    Int: 21    God:
Gold:   64         SH:  0    Dex: 17    Spells: 4 memorised, 3 levels left

rFire  . . .     SeeInvis .     f - +0 dagger
rCold  . . .     Gourm    .     k - +0 robe {rN+}
rNeg   + . .     Faith    .     (no shield)
rPois  .         Spirit   .     (no helmet)
rElec  .         Reflect  .     (no cloak)
rCorr  .         Harm     .     (no gloves)
MR     .....                    (no boots)
Stlth  ++........               (no amulet)
                                (no ring)
                                l - +2 ring of dexterity

@: repel missiles
A: no striking features
a: no special abilities


You were on level 3 of the Dungeon.
You were not hungry.

You visited 1 branch of the dungeon, and saw 3 of its levels.

You collected 64 gold pieces.

Inventory:

Hand Weapons
 f - a +0 dagger (weapon)
Missiles
 h - 31 arrows
Armour
 a - a +1 robe
 k - a +0 robe of positive energy (worn)
Jewellery
 l - a +2 ring of dexterity (left hand)
Scrolls
 d - a scroll of recharging {unknown}
 m - 5 scrolls of identify
Potions
 e - a potion of flight
 g - a potion of resistance {unknown}
 i - 2 potions of cancellation {unknown}
 j - a potion of curing {unknown}
Books
 b - a book of Air

   Spells                             Type                      Level
   a - Shock                          Conjuration/Air              1
   b - Swiftness                      Charms/Air                   2
   c - Repel Missiles                 Charms/Air                   2
   d - Static Discharge               Conjuration/Air              3
   e - Lightning Bolt                 Conjuration/Air              5
Comestibles
 c - a bread ration


   Skills:
 + Level 2.6 Dodging
 + Level 2.9 Stealth
 + Level 4.2 Spellcasting
 + Level 2.1 Conjurations
 + Level 4.1 Air Magic


You had 3 spell levels left.
You knew the following spells:

 Your Spells              Type           Power        Failure   Level  Hunger
a - Shock                 Conj/Air       ###.         3%          1    None
b - Repel Missiles        Chrm/Air       ##....       10%         2    #......
c - Swiftness             Chrm/Air       ##......     10%         2    #......
d - Static Discharge      Conj/Air       ###.....     12%         3    ###....


Dungeon Overview and Level Annotations

Branches:
Dungeon (3/15)

Altars:


Message History

Aiming: Shock
Press: ? - help, Shift-Dir - straight line The zap hits the gnoll.
The gnoll is severely wounded.
The zap hits the gnoll.
The gnoll appears unharmed.
The gnoll is severely wounded.
The gnoll barely misses you.
Casting: Shock
Confirm with . or Enter, or press ? or * to list all spells.
Aiming: Shock
Press: ? - help, Shift-Dir - straight line The zap misses the gnoll. x2; The gnoll misses you.
Casting: Shock
Confirm with . or Enter, or press ? or * to list all spells.
Aiming: Shock
Press: ? - help, Shift-Dir - straight line The zap misses the gnoll.
The zap hits the gnoll.
The gnoll is almost dead.
The gnoll hits you with a whip.
You die...

##g.##.####.#.
...........†..
)..†..(####(#
.##.......#.# ##+######
#.#.###.#.# #........#
.##.#.###)#.#
#........#
...g......#.#
#........#
............#
#........#
.##.#)###.###
#@.......# .
#.#.....######g..†....#
#..†.g..............#
#####.##^##..<.)....#
####.##.#########
#.##.# ####.# #.# #.#


You could see a gnoll.

Vanquished Creatures
  An adder (D:2)
  3 gnolls (D:3)
  An ooze (D:2)
  2 worms (D:2)
  A dart slug (D:3)
  A leopard gecko (D:2)
  A giant cockroach (D:3)
  6 goblins
  A hobgoblin (D:1)
  7 jackals
  3 quokkas (D:2)
  9 bats
  5 kobolds
  18 rats
59 creatures vanquished.

Notes
Turn   | Place    | Note
-------+----------+-------------------------------------------
     0 | D:1      | greprep the Deep Elf Air Elementalist began the quest for the Orb.
     0 | D:1      | Reached XP level 1. HP: 10/10 MP: 6/6
   170 | D:1      | Reached XP level 2. HP: 15/15 MP: 4/8
   174 | D:1      | Learned a level 2 spell: Repel Missiles
   177 | D:1      | Learned a level 2 spell: Swiftness
  1151 | D:2      | Reached XP level 3. HP: 19/19 MP: 6/9
  1853 | D:2      | Learned a level 3 spell: Static Discharge
  2097 | D:3      | Reached XP level 4. HP: 24/24 MP: 2/11
  2295 | D:3      | Slain by a gnoll

Skill      XL: |  1  2  3  4 |
---------------+-------------+-----
Air Magic      | 4 |  4.1
Spellcasting   | 4 |  4.2
Conjurations   | 2 |  2.1
Dodging        | |  2.6
Stealth        | |  2.9

Action                   |  1- 3 |  4- 6 || total
-------------------------+-------+-------++-------
Melee: Dagger            |     6 |       ||     6
 Cast: Shock             |    84 |    24 ||   108
       Repel Missiles    |       |     1 ||     1
  Use: Scroll            |     6 |       ||     6
 Stab: Sleeping          |     1 |       ||     1
  Eat: Bread ration      |     1 |       ||     1
Armor: Robe              |     6 |       ||     6
Dodge: Dodged            |    19 |     6 ||    25
       Deflected         |       |     1 ||     1
